AoeStats
← chilthing

Arabia

510699387Analyzed
1v1 RM · 20h ago on Oct 2, 2026· 54m 2s· 2 players
Game mode
Random Map
Map size
Tiny (2 player)
Population
200
Speed
Normal
Resources
Standard
Victory
Conquest
Starting age
Dark Age
Ending age
Imperial Age
RankedLock teamsTeams togetherTeam positionsShared explorationLock speedFull tech treeHidden civsTurbo modeCheats
Victory
Defeat
🇨🇳 Celts · China
913
+17
🇲🇽 Maya · Mexico
928
-17
chilthing
12:33 Feudal Age
16:16 Forging
17:20 Scale Barding Armor
17:03 Double-Bit Axe
21:48 Castle Age
20:15 Horse Collar
20:45 Scale Mail Armor
20:40 Gold Mining
21:21 Stone Mining
23:33 Chain Barding Armor
24:26 Husbandry
28:16 Stone Shaft Mining
27:55 Bow Saw
30:00 Gold Shaft Mining
33:38 Chain Mail Armor
36:59 Wheelbarrow
37:44 Iron Casting
38:51 Stronghold
39:24 Town Watch
43:39 Imperial Age
48:21 Furor Celtica
51:10 Elite Woad Raider
54:15 Blast Furnace
53:46 Plate Mail Armor
Totty
0:25 Loom
9:27 Feudal Age
14:24 Fletching
19:42 Castle Age
17:54 Double-Bit Axe
19:47 Crossbowman
20:31 Bodkin Arrow
22:00 Ballistics
23:52 Padded Archer Armor
27:15 Thumb Ring
30:10 Leather Archer Armor
32:47 Town Watch
33:39 Wheelbarrow
32:53 Pikeman
33:56 Scale Mail Armor
34:06 Forging
36:52 Squires
39:13 Bow Saw
39:22 Horse Collar
42:34 Hand Cart
44:56 Imperial Age
42:44 Hand Cart
45:25 Iron Casting
45:06 Chain Mail Armor
45:58 Eagle Warrior
46:57 Bracer
48:26 Chemistry
47:37 Masonry
50:11 Two-Man Saw
48:51 Elite Eagle Warrior
51:30 Ring Archer Armor
51:40 Conscription
Connection lost

Rejoining the realm…

Still unreachable

The connection could not be restored.

Session expired

The server has moved on; the page needs a fresh start.